 Dungeon Crawl Stone Soup version 0.29.0-13-gc9e81de378 (webtiles) character file.

Game seed: 233687980249894653

696 funkygono the Firebug (level 7, 0/38 HPs)
             Began as a Gargoyle Fire Elementalist on Sept 9, 2022.
             Was an Initiate of Vehumet.
             Slain by Edmund
             ... wielding a +3 flail of holy wrath
              (5 damage)
             ... on level 5 of the Dungeon.
             The game lasted 00:08:54 (5138 turns).

funkygono the Firebug (Gargoyle Fire Elementalist)  Turns: 5138, Time: 00:08:55

Health: 0/38       AC: 11    Str: 14 (15) XL:     7   Next: 64%
Magic:  3/14       EV: 12    Int: 20 (21) God:    Vehumet [......]
Gold:   225        SH:  0    Dex: 14 (16) Spells: 5/15 levels left

rFire   . . .      SeeInvis .   g - +3 whip (drain)
rCold   . . .      Faith    .   (no shield)
rNeg    + . .      Spirit   .   t - +1 robe "Fyrac" {Str+3 Int+4}
rPois   ∞          Reflect  .   h - +1 helmet
rElec   +          Harm     .   (no cloak)
rCorr   .          Rampage  .   (no gloves)
Will    .....      Clarity  +   (no boots)
Stlth   ++........              (no amulet)
HPRegen 0.12/turn               s - ring of wizardry
MPRegen 0.14/turn               w - +6 ring of dexterity

@: flying
A: sickness immunity, AC +4, negative energy resistance 1, electricity
resistance, torment resistance 1, petrification resistance, big wings,
iridescent scales 1, clarity
a: Renounce Religion


You were on level 5 of the Dungeon.
You worshipped Vehumet.
Vehumet was noncommittal.
You visited 2 branches of the dungeon, and saw 6 of its levels.

You collected 225 gold pieces.

Inventory:

Hand Weapons
 c - a +0 club of flaming
 g - a +3 whip of draining (weapon)
Armour
 a - a +0 robe
 h - a +1 helmet (worn)
 j - a +0 buckler
 l - a +2 scale mail of fire resistance
 p - a scarf of resistance
 t - the +1 robe "Fyrac" (worn) {Str+3 Int+4}
   (You found it on level 4 of the Dungeon)

   Str:       It affects your strength (+3).
   Int:       It affects your intelligence (+4).
Magical Staves
 i - a staff of earth
Jewellery
 s - a ring of wizardry (left hand)
 w - a +6 ring of dexterity (right hand)
Wands
 u - a wand of flame (25)
Scrolls
 q - 3 scrolls of enchant armour
 v - a scroll of brand weapon
Potions
 b - a potion of magic
 d - a potion of attraction
 e - a potion of heal wounds
 f - 6 potions of curing
 o - 2 potions of flight


   Skills:
 + Level 1.2 Fighting
 + Level 0.9 Maces & Flails
 + Level 2.1 Dodging
 - Level 2.1 Stealth
 + Level 4.9 Spellcasting
 + Level 3.8 Conjurations
 + Level 5.4 Fire Magic


You had 5 spell levels left.
You knew the following spells:

 Your Spells              Type           Power      Damage    Failure   Level
a - Foxfire               Conj/Fire      92%        2x1d8     1%          1
b - Scorch                Fire           52%        2d7       1%          2
c - Conjure Flame         Conj/Fire      23%        6-21      1%          3
d - Flame Wave            Conj/Fire      23%        2d8       7%          4

Your spell library contained the following spells:

 Spells                   Type           Power      Damage    Failure   Level
 Magic Dart               Conj           80%        1d7       1%          1
 Searing Ray              Conj           40%        2d5       1%          2
 Inner Flame              Hex/Fire       15%        N/A       4%          3
 Gell's Gravitas          Tloc           4%         N/A       14%         3
 Lesser Beckoning         Tloc           4%         N/A       14%         3
 Teleport Other           Tloc           4%         N/A       14%         3
 Fulminant Prism          Conj/Hex       6%         3d7       21%         4


Dungeon Overview and Level Annotations

Branches:
Dungeon (5/15)             Temple (1/1) D:4

Altars:
Ashenzari
Cheibriados
Gozag
Hepliaklqana
Kikubaaqudgha
Makhleb
Nemelex Xobeh
Okawaru
Qazlal
Sif Muna
Trog
Uskayaw
Vehumet
Wu Jian

Shops:
D:2 *

Annotations:
D:5 Edmund


Innate Abilities, Weirdness & Mutations

You are immune to sickness and miasma.
Your stone body is resilient. (AC +4)
You are immune to poison.
You resist negative energy. (rN+)
You are resistant to electric shocks. (rElec)
You are resistant to unholy torment.
You are immune to petrification.
Your large and strong wings let you fly.
You are partially covered in iridescent scales. (AC +2)
You possess an exceptional clarity of mind.


Message History

You barely miss Edmund.
Edmund is moderately wounded.
Edmund hits you with a +3 flail of holy wrath!
* * * LOW HITPOINT WARNING * * *
Edmund attacks as you move away!
Edmund hits you with a +3 flail of holy wrath.
* * * LOW HITPOINT WARNING * * *
Edmund attacks as you move away! Edmund barely misses you.
You feel much better.
Edmund hits you with a +3 flail of holy wrath.
Edmund attacks as you move away! Edmund hits you but does no damage.
Edmund attacks as you move away!
Edmund hits you with a +3 flail of holy wrath!
Edmund attacks as you move away! Edmund hits you but does no damage.
Edmund attacks as you move away! Edmund barely misses you.
It was a potion of mutation.
You feel extremely strange.
Your thoughts seem clearer.
Your wings grow larger and stronger.
Iridescent scales grow over part of your body.
Edmund clears his throat.
Edmund hits you with a +3 flail of holy wrath!
* * * LOW HITPOINT WARNING * * *
Unknown command.
It was a potion of degeneration.
There was something very wrong with that liquid.
You feel weakened.
You feel dopey.
You feel clumsy. Edmund misses you.
Okay, then.
You hit Edmund but do no damage.
Edmund is moderately wounded.
Edmund barely misses you. Edmund attacks as you move away!
Edmund hits you with a +3 flail of holy wrath.
* * * LOW HITPOINT WARNING * * *
Casting: Scorch (safe; 1% risk of failure)
Confirm with . or Enter, or press ? or * to list all spells.
Flames lash Edmund.
Edmund resists.
Edmund is heavily wounded.
Edmund's fire resistance burns away.
Edmund hits you with a +3 flail of holy wrath.
You die...

####.#........# #.#
#....'........# #.#
##+##.#........#########.##.##
#.............#...............
#.........#.....########....##
#.........>...............###
#######.##.......##########...#
.................# #...#
.######.##....##@# ....+ .#
#.##.....#@# #...# .#
#.########.# ..... .# #.# #.# .
.# #.# #.# ... .#
#.########.#.....
.######...........#
(.........######..#
####.......# #..#


You could see Edmund (combustible, drained).

Vanquished Creatures
  The ghost of sausages the Sneak, an amateur KoBr of Qazlal (D:3)
  Blork the orc (D:5)
  A kobold brigand (D:4)
  A necrophage (D:3)
  2 scorpions (D:5)
  Terence (D:3)
  Natasha (thrice) (D:2)
  3 gnolls (D:3)
  6 adders
  4 worms
  An orc (D:3)
  7 endoplasms
  A giant cockroach (D:1)
  9 goblins
  9 hobgoblins
  5 quokkas
  9 ball pythons
  5 bats
  2 frilled lizards (D:2)
  6 kobolds
  6 rats
83 creatures vanquished.

Vanquished Creatures (others)
  2 demonic plants (D:1)
  289 foxfires
291 creatures vanquished.

Grand Total: 374 creatures vanquished

Notes
Turn   | Place    | Note
-------+----------+-------------------------------------------
     0 | D:1      | funkygono the Gargoyle Fire Elementalist began the quest
                  | for the Orb.
     0 | D:1      | Reached XP level 1. HP: 10/10 MP: 3/3
   169 | D:1      | Reached XP level 2. HP: 15/15 MP: 1/5
   643 | D:1      | Reached XP level 3. HP: 19/19 MP: 3/6
   646 | D:1      | Learned a level 2 spell: Scorch
   650 | D:1      | Learned a level 3 spell: Conjure Flame
   970 | D:1      | Found a faded altar of an unknown god.
   970 | D:1      | Noticed a Brimstone Fiend
  1161 | D:2      | Reached skill level 4 in Fire Magic
  1161 | D:2      | Reached XP level 4. HP: 24/24 MP: 2/8
  1236 | D:2      | Noticed Natasha
  1250 | D:2      | Killed Natasha
  1265 | D:2      | Noticed Natasha
  1525 | D:2      | Killed Natasha
  1526 | D:2      | Reached XP level 5. HP: 27/28 MP: 5/9
  1572 | D:2      | Noticed Natasha
  1577 | D:2      | Killed Natasha
  1699 | D:2      | Found Hut Eral's Assorted Antiques.
  2284 | D:3      | Reached XP level 6. HP: 32/32 MP: 1/11
  2836 | D:3      | Found a runed translucent door.
  2837 | D:3      | Noticed sausages's ghost (amateur KoBr)
  2887 | D:3      | Found a runed translucent door.
  2887 | D:3      | Noticed Terence
  2943 | D:3      | Killed Terence
  3281 | D:3      | Learned a level 4 spell: Flame Wave
  3552 | D:3      | Killed sausages's ghost
  3553 | D:3      | Reached skill level 5 in Fire Magic
  3827 | D:4      | Found a staircase to the Ecumenical Temple.
  3852 | Temple   | Entered the Ecumenical Temple
  3862 | Temple   | Became a worshipper of Vehumet
  4221 | D:4      | Reached XP level 7. HP: 29/37 MP: 8/13
  4223 | D:4      | Identified the +1 robe "Fyrac" {Str+3 Int+4}
  4716 | D:5      | Entered Level 5 of the Dungeon
  4744 | D:5      | Noticed Blork the orc
  4751 | D:5      | Killed Blork the orc
  4752 | D:5      | Reached skill level 1 in Fighting
  5064 | D:5      | Noticed Edmund
  5133 | D:5      | Gained mutation: You possess an exceptional clarity of
                  | mind. [potion of mutation]
  5133 | D:5      | Gained mutation: Your large and strong wings let you fly.
                  | [potion of mutation]
  5133 | D:5      | Gained mutation: You are partially covered in iridescent
                  | scales. (AC +2) [potion of mutation]
  5138 | D:5      | Slain by Edmund

Illustrated notes

Levels and vault maps discovered:
D:1:      ncdulo_smallfort, layout_basic,
          dreamdust_ecumenical_altar_sealed_demon
D:2:      layout_rooms, serial_shops, shop, uniq_natasha
D:3:      layout_loops_ring, ebering_ghost_sewer_f, uniq_terence
D:4:      layout_loops_ring, minmay_temple_entry_glass
D:5:      layout_basic, uniq_blork_the_orc, uniq_sigmund, uniq_pikel,
          uniq_eustachio, uniq_edmund
Temple:   eino_narrow_crystal_temple

Skill      XL: |  1  2  3  4  5  6  7 |
---------------+----------------------+-----
Fire Magic     | 4 5 |  5.4
Conjurations   | 2 3 |  3.8
Spellcasting   | 3 4 |  4.9
Dodging        | 2 |  2.1
Fighting       | 1 |  1.2
Maces & Flails | |  0.9
Stealth        | |  2.1

Action                   |  1- 3 |  4- 6 |  7- 9 || total
-------------------------+-------+-------+-------++-------
Melee: Club              |     4 |       |       ||     4
       Whip              |     2 |    45 |    15 ||    62
 Cast: Foxfire           |    54 |    93 |    18 ||   165
       Scorch            |       |    14 |    18 ||    32
  Use: Scroll            |       |     8 |     4 ||    12
       Potion            |       |       |     5 ||     5
Armor: Robe              |     2 |    15 |    10 ||    27
Dodge: Dodged            |     7 |    30 |    20 ||    57
